Unix NetHack Version 5.0.0-0 post-release - last build May  4 2026 22:22:43 (774f63e81ad911689b3a0859ea89b322d5daca8d,branch:main).

Game began 2026-05-10 13:30:02, ended 2026-05-10 14:26:53.

Eymerich, chaotic male elven Priest

        ----                              --- --- -----------
        |..|                  ---         |.---.---.|.|.|.|.--
        |..|            ---   |..--       |......|...........|
----    --.|           --.--    ..|       ----...............|
|..-------.|---        |...|    -.--         ---......-......--
|..........#..##       --..#o####..#####       |..<...........|
--..-----......|       ##....||......@.|       --............--  --
 ----   --.....|       |.....||....---o|        #.--.........--- .|
        --....--       |.....|--..-- |.#---     |.|##............-
        |.....|   ---0 |.....--|..|  |....|---- |.# ##......^....|
        --....-----*-%####....##.--  ----o--..---.|  |....---...--
         --......[..)) -#..--..|...     |.........|-#-...--  -...|
          |.|...---.---#..####..-.-     |....-------.....-    -..-
          |.|-..| --|^...#-   .....     ---..|    -.......-     ..
          |.|..--   #.-###    -....       ----   -.-.......     ....
          |.|.----##-.|        -....              -.........     ....
          #.|..|......|          .---             ...........    ......
         ##.#...^...---          --             ...>.---.......   ......
         |..........|                          ---.--- --.......   ..----
         --...----.--                            --      --.#.|.-  .--
          ####-  -##                                       --##--  --
Eymerich the Acolyte         St:14 Dx:11 Co:16 In:7 Wi:20 Ch:8  Chaotic
Dlvl:4  $:543 HP:0(45) Pw:73(73) AC:2  Xp:5 T:3300 

Latest messages:
 You see here a crossbow bolt.
 c - a crossbow bolt (in quiver pouch) (6 in total).
 There are many objects here.
 c - a crossbow bolt (in quiver pouch) (7 in total).
 L - a green gem.
 M - a violet gem.
 You see here a crossbow bolt.
 The hill orc hits!
 You miss the hill orc.
 The hill orc misses!
 You hit the hill orc.
 The hill orc hits!
 You hit the hill orc.
 The hill orc hits!
 You miss the hill orc.
 The hill orc hits!
 You kill the hill orc!
 $ - 32 gold pieces (543 in total).
 You see here a crossbow bolt.
 c - a crossbow bolt (in quiver pouch) (8 in total).
 The large kobold throws a dart!
 A dart misses you.
 The hill orc hits!
 The large kobold picks up a cursed iron skull cap.
 You hit the hill orc.
 The hill orc misses!
 You miss the hill orc.
 The hill orc just misses!
 The large kobold puts on a cursed iron skull cap.
 You feel more confident in your weapon skills.
 You hit the hill orc.
 The hill orc hits!
 The large kobold picks up a hooded cloak.
 What do you want to use or apply? [iwDJPZ or ?*]
 Improvise? [ynq] (q)
 You start playing your bugle.
 You extract a loud noise from your bugle.
 The hill orc turns to flee.
 The hill orc turns to flee.
 The hill orc throws an orcish dagger!
 You are hit by an orcish dagger.
 Elf is about to die.
 The hill orc picks up an orcish dagger.
 The hill orc swings her curved sword.
 The hill orc misses!
 You hit the hill orc!
 The hill orc swings her curved sword.
 The hill orc hits!
 You die...
 Do you want your possessions identified? [ynq] (y)

Inventory:
 Coins    ('$')
  $ - 543 gold pieces
 Weapons  (')')
  T - 11 +0 arrows
  c - 8 +0 crossbow bolts (in quiver pouch)
  V - 3 +0 crossbow bolts
  r - a blessed +0 bow
  h - a +0 crossbow (alternate weapon; not wielded)
  W - a +0 sling
  R - a blessed +1 dagger
  B - 5 +0 daggers
  J - a +0 dwarvish mattock
  j - a +0 flail (weapon in right hand)
 Armor    ('[')
  F - a +0 orcish helm (being worn)
  s - a +0 pair of low boots (being worn)
  t - a +0 dwarvish cloak
  b - a +0 robe
  K - a +0 dwarvish mithril-coat (being worn)
 Comestibles  ('%')
  e - a clove of garlic
  Z - a eucalyptus leaf
  p - 3 food rations
  H - a food ration
  O - a lembas wafer
  f - a sprig of wolfsbane
  C - a tin of spinach
 Scrolls  ('?')
  z - a blessed scroll of create monster
  v - 2 scrolls of create monster
  q - a blessed scroll of light
  S - a scroll of magic mapping
  Q - a scroll of remove curse
 Potions  ('!')
  d - 4 potions of holy water
 Rings    ('=')
  m - a ring of slow digestion
 Wands    ('/')
  w - a wand of make invisible (0:5)
  P - a wand of slow monster (0:6)
 Tools    ('(')
  i - a bugle
  D - a tin whistle
 Gems/Stones  ('*')
  M - an amethyst stone
  L - a worthless piece of green glass
  G - 4 rocks

Eymerich the Priest's attributes:

Background:
 You were an Acolyte, a level 5 elven Priest.
 You were chaotic, on a mission for Susanowo
 who was opposed by Amaterasu Omikami (lawful) and Raijin (neutral).
 You were right-handed.
 You were in the Gnomish Mines, on level 4.
 You entered the dungeon 3300 turns ago.
 You had 243 experience points, 77 more were needed to attain level 6.

Basics:
 You had 0 out of 45 hit points.
 You had all 73 energy points (spell power).
 Your armor class was 2.
 Your wallet contained 543 zorkmids.
 Autopickup was off.

Final Characteristics:
 Your strength was 14 (limit:18).
 Your dexterity was 11 (limit:18).
 Your constitution was 16 (limit:16).
 Your intelligence was 7 (limit:20).
 Your wisdom was 20 (limit:20).
 Your charisma was 8 (limit:18).

Final Status:
 You weren't hungry.
 You were unencumbered.
 You were wielding a flail.
 You had basic skill with flail and could have enhanced that.

Final Attributes:
 You were piously aligned.
 You were sleep resistant.
 You had infravision.
 You were guarded.
 Your spell casting was impaired by metallic armor.
 You are dead.

Miscellaneous:
 You didn't encounter any bones levels.
 Total elapsed playing time was 56 minutes and 49 seconds.

Major events:
 Turn
    1: Eymerich the chaotic elven Priest entered the dungeon
 1605: entered the Gnomish Mines
 1731: attained the rank of Acolyte (level 3)
 3300: killed by a hill orc

Spells:
 Name                 Level Category     Fail Retention
 detect monsters        1   divination    93%  76%-100%
 light                  1   clerical      93%   81%-90%

Skills:
 Fighting Skills
   bare handed combat [Unskilled]
 Weapon Skills
   club               [Unskilled]
   mace               [Basic]
   morning star       [Unskilled]
   flail              [Basic]
   hammer             [Unskilled]
   quarterstaff       [Unskilled]
   polearms           [Unskilled]
   spear              [Unskilled]
   trident            [Unskilled]
   lance              [Unskilled]
   bow                [Unskilled]
   sling              [Unskilled]
   crossbow           [Unskilled]
   dart               [Unskilled]
   shuriken           [Unskilled]
   boomerang          [Unskilled]
   unicorn horn       [Unskilled]
 Spellcasting Skills
   healing spells     [Unskilled]
   divination spells  [Unskilled]
   clerical spells    [Basic]

Voluntary challenges:
 Character rerolling was not enabled.
 You never genocided any monsters.
 You never polymorphed an object.
 You never changed form.
 You used no wishes.
Achievements:
 You entered a shop.
 You entered the Gnomish Mines.
 You attained the rank of Acolyte.

 The Dungeons of Doom: levels 1 to 4
    Level 1:
    Level 2:
    Level 3:
       A general store.
       Stairs down to The Gnomish Mines.
    Level 4:
       A fountain.
 The Gnomish Mines:
    Level 4: <- You were here.
       Final resting place for
          you, killed by a hill orc.


Vanquished creatures:
  a housecat
  a gnome leader
  2 dwarves
  7 hill orcs
  a rabid rat
 an acid blob
  3 coyotes
  3 hobbits
  a giant rat
  2 cave spiders
  a yellow mold
  a green mold
  3 red molds
 10 gnomes
  a gnome zombie
  3 geckos
  5 jackals
  2 foxes
  a kobold
  a goblin
  2 sewer rats
  7 grid bugs
  6 lichens
  a kobold zombie
 11 newts
77 creatures vanquished.

No species were genocided or became extinct.

Game over:
                       ----------
                      /          \
                     /    REST    \
                    /      IN      \
                   /     PEACE      \
                  /                  \
                  |     Eymerich     |
                  |      543 Au      |
                  | killed by a hill |
                  |       orc        |
                  |                  |
                  |                  |
                  |       2026       |
                 *|     *  *  *      | *
        _________)/\\_//(\/(/\)/\//\/|_)_______

Goodbye Eymerich the Priest...

You died in The Gnomish Mines on dungeon level 4 with 1621 points,
and 543 pieces of gold, after 3300 moves.
You were level 5 with a maximum of 45 hit points when you died.

